 Dungeon Crawl Stone Soup version 0.30-a0-297-g0ec75d9ef4 (webtiles) character file.

Game seed: 6868542269722816269

10392 Lobster4 the Frost Mage (level 11, -13/84 HPs)
             Began as a Merfolk Ice Elementalist on Oct 19, 2022.
             Was a Believer of the Shining One.
             Mangled by Snorg (15 damage)
             ... on level 11 of the Dungeon.
             The game lasted 00:49:07 (12659 turns).

Lobster4 the Frost Mage (Merfolk Ice Elementalist) Turns: 12659, Time: 00:49:08

Health: -13/84     AC: 23    Str:  8    XL:     11   Next: 61%
Magic:  18/30      EV: 17    Int: 20    God:    the Shining One [**....]
Gold:   346        SH:  5    Dex: 16    Spells: 9/23 levels left

rFire   . . .      SeeInvis .    a - +2 trident (venom)
rCold   . . .      Faith    .    (no shield)
rNeg    + + .      Spirit   .    J - +2 robe "Sunait" {rN+ MP+9 Int+2}
rPois   .          Reflect  +    i - +0 helmet
rElec   .          Harm     .    P - +0 cloak
rCorr   .          Rampage  .    E - +0 pair of gloves
Will    .....                    q - +1 pair of boots
Stlth   +.........               v - amulet of reflection
HPRegen 0.34/turn                H - +4 ring of protection
MPRegen 0.22/turn                d - +4 ring of evasion

@: ice-armoured, glowing
A: (nimble swimmer 2), mertail
a: Renounce Religion, Divine Shield


You were on level 11 of the Dungeon.
You worshipped the Shining One.
The Shining One was pleased with you.
You visited 2 branches of the dungeon, and saw 12 of its levels.

You collected 515 gold pieces.
You spent 169 gold pieces at shops.

Inventory:

Hand Weapons
 a - a +2 trident of venom (weapon)
 b - a +0 sling
 h - a +0 short sword
 m - a +0 shortbow
 D - a +0 spear
 F - a +1 whip of freezing
 M - a +3 long sword
 N - a +3 mace
 Q - a +4 trident
Missiles
 o - a boomerang
 u - 21 poisoned darts (quivered)
 S - a curare-tipped dart
 U - 3 throwing nets
Armour
 i - a +0 helmet (worn)
 q - a +1 pair of boots (worn)
 r - the +1 ring mail of the Game Afoot {Int+3 Slay+6}
   (You found it on level 4 of the Dungeon)

   Int:       It affects your intelligence (+3).
   Slay:      It affects your accuracy & damage with ranged weapons and melee
   (+6).
 y - a +0 buckler
 E - a +0 pair of gloves (worn)
 G - an orb of wrath
 J - the +2 robe "Sunait" (worn) {rN+ MP+9 Int+2}
   (You found it on level 7 of the Dungeon)

   Int:       It affects your intelligence (+2).
   rN:        It protects you from negative energy.
   MP:        It affects your magic capacity (+9).
 P - a +0 cloak (worn)
Jewellery
 d - a +4 ring of evasion (right hand)
 l - a ring of wizardry
 t - a ring of see invisible
 v - an amulet of reflection (around neck)
 H - a +4 ring of protection (left hand)
 L - a ring of resist corrosion
 V - a ring of ice
Wands
 e - a wand of flame (8)
 A - a wand of digging (6)
 O - a wand of roots (5)
Scrolls
 c - a scroll of poison {unknown}
 g - 2 scrolls of teleportation
 j - a scroll of summoning {unknown}
 k - a scroll of acquirement {unknown}
 n - a scroll of blinking {unknown}
 x - 2 scrolls of enchant weapon {unknown}
 I - 4 scrolls of enchant armour {unknown}
 K - a scroll of vulnerability {unknown}
 T - a scroll of noise {unknown}
Potions
 f - 3 potions of brilliance {unknown}
 p - 4 potions of heal wounds
 s - 2 potions of flight
 w - a potion of might
 z - 3 potions of haste
 B - a potion of resistance
 C - 6 potions of curing
 R - 2 potions of magic


   Skills:
 + Level 7.6 Fighting
 - Level 3.0 Polearms
 - Level 2.0 Throwing
 - Level 4.0 Armour
 - Level 3.0 Dodging
 - Level 3.0 Stealth
 - Level 5.0 Shields
 + Level 6.6 Spellcasting
 + Level 4.2 Conjurations
 - Level 3.0 Transmutations
 * Level 11.8 Ice Magic
 - Level 3.0 Invocations
 - Level 3.0 Evocations


You had 9 spell levels left.
You knew the following spells:

 Your Spells              Type           Power      Damage    Failure   Level
a - Freeze                Ice            100%       1d10      1%          1
b - Frozen Ramparts       Ice            100%       1d16      1%          3
c - Ozocubu's Armour      Ice            52%        N/A       1%          3
d - Hailstorm             Conj/Ice       38%        3d9       1%          3
e - Ice Form              Ice/Tmut       36%        N/A       4%          4

Your spell library contained the following spells:

 Spells                   Type           Power      Damage    Failure   Level
 Summon Ice Beast         Ice/Summ       30%        N/A       9%          4
 Dazzling Flash           Conj/Hex       30%        N/A       12%         3
 Scorch                   Fire           12%        2d5       16%         2
 Portal Projectile        Hex/Tloc       12%        N/A       30%         3
 Tukima's Dance           Hex            6%         N/A       30%         3
 Flame Wave               Conj/Fire      15%        2d7       38%         4
 Blade Hands              Tmut           9%         N/A       63%         5
 Animate Armour           Summ/Erth      12%        N/A       69%         4
 Simulacrum               Ice/Necr       15%        N/A       78%         6
 Agony                    Necr           6%         N/A       95%         5
 Silence                  Hex/Air        3%         N/A       95%         5
 Iron Shot                Conj/Erth      7%         9d2       99%         6
 Summon Cactus Giant      Summ           3%         N/A       100%        6


Dungeon Overview and Level Annotations

Branches:
Dungeon (11/15)            Temple (1/1) D:6            Lair (0/5) D:8
    Orc (0/2) D:11

Altars:
Ashenzari
Cheibriados
Dithmenos
Elyvilon
Fedhas
Gozag
Hepliaklqana
Kikubaaqudgha
Makhleb
Nemelex Xobeh
Okawaru
Qazlal
Ru
Sif Muna
Trog
Uskayaw
Vehumet
Wu Jian
Xom
Yredelemnul
Zin
The Shining One

Shops:
D:3 *   D:8 *[((   D:10 [

Annotations:
D:2 1 runed translucent door, Crazy Yiuf
D:11 Snorg
Temple 2 transporters


Innate Abilities, Weirdness & Mutations

((You are very nimble when in or above water. (Stealth+, EV+, Speed+++)))
Your lower body shifts to a powerful aquatic tail in water.


Message History

Snorg is heavily wounded.
The wall freezes Snorg.
Snorg closely misses you. Snorg completely misses you.
Snorg closely misses you.
The wall freezes Snorg!
Snorg bites you but does no damage. Snorg misses you. x2
Casting: Freeze (safe; 1% risk of failure)
Confirm with . or Enter, or press ? or * to list all spells.
Aiming: Freeze (safe; 1% risk of failure)
Press: ? - help, Shift-Dir - straight line, f/p - Snorg
Aim: Snorg (severely wounded, berserk, haloed)
You freeze Snorg.
Snorg is severely wounded.
The wall freezes Snorg.
Snorg barely misses you. Snorg claws you!
* * * LOW HITPOINT WARNING * * *
You block Snorg's attack.
You feel much better.
The wall freezes Snorg.
Snorg closely misses you.
Snorg barely misses you. x2; The wall freezes Snorg!
Snorg barely misses you. Snorg claws you. Snorg claws you!
Casting: Freeze (safe; 1% risk of failure)
Confirm with . or Enter, or press ? or * to list all spells.
Aiming: Freeze (safe; 1% risk of failure)
Press: ? - help, Shift-Dir - straight line, f/p - Snorg
Aim: Snorg (severely wounded, berserk, haloed)
You freeze Snorg!
Snorg is almost dead.
The wall freezes Snorg.
Snorg closely misses you. Snorg claws you but does no damage.
You block Snorg's attack.
Casting: Freeze (safe; 1% risk of failure)
Confirm with . or Enter, or press ? or * to list all spells.
Aiming: Freeze (safe; 1% risk of failure)
Press: ? - help, Shift-Dir - straight line, f/p - Snorg
Aim: Snorg (almost dead, berserk, haloed)
You freeze Snorg.
Snorg is almost dead.
The frozen ramparts melt away.
Snorg bites you but does no damage. Snorg claws you!
* * * LOW HITPOINT WARNING * * *
Snorg claws you!
* * * LOW HITPOINT WARNING * * *
Snorg bites you!
You die...

#.##....###.#.#
#.........).#.#
###.....#####.#
#....## #.#
#....#.######.####
#.##..#...........####
. #. ########........
#..########..#####.
#.........@T.#
.##########.# #.# #.#
#.. ..## .T# .... ...#


You could see Snorg (berserk).

Vanquished Creatures
  Harold (D:10)
  2 two-headed ogres
  Pikel (D:6)
  An ugly thing (D:9)
  Maurice (D:8)
  A gargoyle (D:11)
  Psyche (D:10)
  A rime drake (D:8)
  A hornet (D:9)
  Grum (D:8)
  6 yaks
  A vampire (D:10)
  Eustachio (D:6)
  A steam dragon (D:8)
  3 vampire mosquitoes (D:11)
  An acid dragon (D:10)
  2 water moccasins
  An orc warrior (D:10)
  3 black bears
  A sky beast (D:8)
  8 ice beasts (D:8)
  6 wolves (D:8)
  An ogre (D:5)
  A phantom (D:7)
  6 centaurs
  3 kobold brigands
  A necrophage (D:6)
  A gnoll sergeant (D:8)
  3 scorpions
  5 wights (D:8)
  An electric eel (D:10)
  3 howler monkeys
  3 lava snakes (D:10)
  3 hounds
  3 orc priests
  2 gnoll boudas
  A jelly (D:7)
  13 orc wizards
  5 iguanas
  Robin (D:2)
  10 gnolls
  7 adders
  A white imp (D:6)
  A worm (D:2)
  4 dart slugs
  27 orcs
  8 bats
  8 endoplasms
  A giant cockroach (D:1)
  18 goblins
  12 hobgoblins
  23 kobolds
  4 quokkas
  3 ball pythons
  A frilled lizard (D:2)
  8 rats
237 creatures vanquished.

Notes
Turn   | Place    | Note
-------+----------+-------------------------------------------
     0 | D:1      | Lobster4 the Merfolk Ice Elementalist began the quest for
                  | the Orb.
     0 | D:1      | Reached XP level 1. HP: 13/13 MP: 3/3
     3 | D:1      | Noticed an electric eel
     4 | D:1      | Noticed an electric eel
   214 | D:1      | Reached XP level 2. HP: 20/20 MP: 3/5
   899 | D:1      | Reached XP level 3. HP: 24/25 MP: 4/6
   928 | D:1      | Reached skill level 1 in Fighting
  1129 | D:1      | Learned a level 3 spell: Frozen Ramparts
  1399 | D:2      | Found a faded altar of an unknown god.
  1541 | D:2      | Found a bloodstained altar of Trog.
  1558 | D:2      | Reached skill level 5 in Ice Magic
  1883 | D:2      | Reached XP level 4. HP: 30/32 MP: 7/7
  2021 | D:2      | Found a runed translucent door.
  2022 | D:2      | Noticed Crazy Yiuf
  2352 | D:3      | Noticed Robin
  2426 | D:2      | Killed Robin
  2552 | D:3      | Reached XP level 5. HP: 38/38 MP: 6/8
  2648 | D:3      | Found Ristrodac's General Store.
  3036 | D:4      | Reached skill level 1 in Evocations
  3040 | D:4      | Learned a level 3 spell: Ozocubu's Armour
  3101 | D:4      | Noticed a black bear
  3111 | D:4      | Identified the +1 ring mail of the Game Afoot {Int+3
                  | Slay+6}
  3130 | D:4      | Killed a black bear
  3131 | D:4      | Reached skill level 1 in Armour
  3131 | D:4      | Reached XP level 6. HP: 44/44 MP: 2/10
  3221 | D:4      | You fall into a shaft and drop 2 floors!
  3230 | D:6      | Found a staircase to the Ecumenical Temple.
  3234 | D:6      | Noticed a black bear
  3245 | Temple   | Entered the Ecumenical Temple
  3245 | Temple   | Found a transporter.
  3245 | Temple   | Found a transporter.
  3365 | Temple   | Found a transporter.
  3365 | Temple   | Found a transporter.
  3390 | Temple   | Became a worshipper of the Shining One
  3413 | Temple   | Killed a black bear
  3414 | Temple   | Reached skill level 6 in Ice Magic
  3546 | D:6      | Reached skill level 1 in Invocations
  3592 | D:5      | Entered Level 5 of the Dungeon
  3762 | D:4      | Reached XP level 7. HP: 43/51 MP: 4/11
  3965 | D:4      | Found a shadowy altar of Dithmenos.
  4604 | D:5      | Reached skill level 1 in Throwing
  4743 | D:5      | Reached XP level 8. HP: 58/58 MP: 7/13
  5007 | D:5      | Reached skill level 7 in Ice Magic
  5464 | D:6      | Reached skill level 1 in Shields
  5863 | D:6      | Reached skill level 1 in Polearms
  5998 | D:6      | Noticed Pikel
  6011 | D:6      | Killed Pikel
  6012 | D:6      | Reached skill level 8 in Ice Magic
  6012 | D:6      | Reached XP level 9. HP: 65/65 MP: 6/15
  6134 | D:6      | Noticed Eustachio
  6139 | D:6      | Killed Eustachio
  6723 | D:7      | Reached * piety under the Shining One
  6953 | D:7      | Identified the +2 robe "Sunait" {rN+ MP+9 Int+2}
  7120 | D:7      | Noticed an Executioner
  7121 | D:7      | Found a burning altar of Makhleb.
  7126 | D:7      | Found a glowing silver altar of Zin.
  7126 | D:7      | Noticed an angel
  7413 | D:7      | Learned a level 3 spell: Hailstorm
  7569 | D:7      | Found a white marble altar of Elyvilon.
  7573 | D:7      | Found a hide-covered altar of Uskayaw.
  7576 | D:7      | Found a snail-covered altar of Cheibriados.
  8118 | D:8      | Reached skill level 5 in Fighting
  8118 | D:8      | Reached skill level 9 in Ice Magic
  8211 | D:8      | Noticed Maurice
  8220 | D:8      | Found Ixih's Antique Armour Shoppe.
  8222 | D:8      | Killed Maurice
  8223 | D:8      | Reached skill level 1 in Conjurations
  8367 | D:8      | Found Mepnusio's Assorted Antiques.
  8379 | D:8      | Noticed a rime drake
  8543 | D:8      | Reached skill level 5 in Spellcasting
  8590 | D:8      | Found a hazy altar of Hepliaklqana.
  8636 | D:8      | Found Umedolun's Antique Weapon Emporium.
  8654 | D:8      | Reached XP level 10. HP: 74/74 MP: 17/17
  9017 | D:8      | Noticed Grum
  9023 | D:8      | Reached skill level 10 in Ice Magic
  9028 | D:8      | Killed Grum
  9141 | D:8      | Learned a level 4 spell: Ice Form
  9165 | D:8      | Found a staircase to the Lair.
  9298 | D:8      | Found Rolic's Antique Weapon Emporium.
  9583 | D:8      | Bought a runed trident for 169 gold pieces
  9920 | D:9      | Reached skill level 1 in Transmutations
 10150 | D:9      | Noticed a green ugly thing
 10245 | D:9      | Killed a green ugly thing
 10526 | D:9      | Noticed a two-headed ogre
 10537 | D:9      | Killed a two-headed ogre
 10679 | D:9      | Reached XP level 11. HP: 83/83 MP: 19/19
 10792 | D:10     | Entered Level 10 of the Dungeon
 10792 | D:10     | Noticed Harold
 11123 | D:10     | Killed Harold
 11124 | D:10     | Reached skill level 5 in Shields
 11124 | D:10     | Reached skill level 11 in Ice Magic
 11334 | D:10     | Found Witefibo's Armour Boutique.
 11671 | D:10     | Reached ** piety under the Shining One
 12112 | D:10     | Noticed Psyche
 12128 | D:10     | Killed Psyche
 12267 | D:11     | Found a staircase to the Orcish Mines.
 12392 | D:11     | Noticed a two-headed ogre
 12409 | D:11     | Killed a two-headed ogre
 12640 | D:11     | Noticed Snorg
 12659 | D:11     | HP: 2/84 [Snorg (17)]
 12659 | D:11     | Mangled by Snorg

Illustrated notes

Levels and vault maps discovered:
D:1:      arrival_aquarium_b, layout_loops_corners,
          hangedman_decor_clover_reticule, chequers_serial_rivers_micro_d
D:2:      layout_loops_ring, chequers_ecumenical_altar_simple, basic_altar,
          st_stairs_5, uniq_crazy_yiuf_cottage
D:3:      layout_rooms, serial_shops, nicolae_shop_window_shopping,
          corexii_item_surrounded_by_moat, uniq_robin
D:4:      layout_rooms, nicolae_dithmenos_shadow_blocks, enter_ossuary_2,
          dk_noncrumbling_2
D:5:      layout_basic
D:6:      layout_basic, minmay_temple_entry_ruins, kennysheep_windowed_goal,
          uniq_eustachio, uniq_pikel
D:7:      layout_cave_pods, grunt_temple_overflow_order_and_chaos_2,
          minmay_overflow_temple_star_quad
D:8:      layout_loops_ring, lemuel_round_altar, hellmonk_lair_entry_icy,
          serial_shops, nicolae_shop_waterfront, nicolae_shop_behind_doors,
          shop, kennysheep_mini, grunt_ministairs_15, uniq_maurice, uniq_grum
D:9:      layout_basic, enter_bailey_3, minmay_misc_feat_diagonals
D:10:     layout_rooms, serial_shops, nicolae_square_shop, minivault_4,
          kennysheep_generic_room_2, uniq_harold, uniq_psyche
D:11:     layout_loops_ring, orc_david_3, uniq_snorg
Temple:   hellmonk_temple_divided_pantheon

Skill      XL: |  1  2  3  4  5  6  7  8  9 10 11 |
---------------+----------------------------------+-----
Dodging        | 3 |  3.0
Fighting       | 1 2 3 4 5 6 7 |  7.6
Ice Magic      | 5 6 8 9 10 11 | 11.8
Stealth        | 3 |  3.0
Evocations     | 1 2 3 |  3.0
Armour         | 1 2 3 4 |  4.0
Spellcasting   | 3 4 5 6 |  6.6
Invocations    | 1 2 3 |  3.0
Throwing       | 1 2 |  2.0
Shields        | 2 3 4 5 |  5.0
Polearms       | 2 3 |  3.0
Conjurations   | 1 3 4 |  4.2
Transmutations | 2 3 |  3.0

Action                   |  1- 3 |  4- 6 |  7- 9 | 10-12 || total
-------------------------+-------+-------+-------+-------++-------
Melee: Short sword       |    30 |       |       |       ||    30
       Dagger            |    22 |    35 |    17 |       ||    74
       Punch             |       |     1 |     2 |     1 ||     4
       Spear             |       |       |    44 |     9 ||    53
       Mace              |       |       |       |    81 ||    81
       Trident           |       |       |       |    19 ||    19
Throw: Dart              |       |       |    16 |    28 ||    44
 Cast: Freeze            |    40 |    67 |    89 |   119 ||   315
       Frozen Ramparts   |       |     7 |    38 |    32 ||    77
       Ozocubu's Armour  |       |       |     6 |    12 ||    18
       Ice Form          |       |       |       |     2 ||     2
 Abil: End Transformatio |       |       |       |     1 ||     1
Evoke: Wand              |       |       |    11 |     1 ||    12
  Use: Scroll            |       |     4 |     2 |     7 ||    13
       Potion            |       |       |       |     1 ||     1
 Stab: Sleeping          |     5 |     2 |       |       ||     7
Armor: Robe              |    19 |    12 |    13 |    75 ||   119
       Ring mail         |       |    21 |    37 |       ||    58
Dodge: Dodged            |    57 |    79 |    69 |   198 ||   403
Block: Other             |       |       |    28 |    50 ||    78
       Reflection        |       |       |     2 |     4 ||     6

Table legend: (Time is in decaauts)
 A = Elapsed time spent in this place.
 B = Non-inter-level travel time spent in this place.
 C = Inter-level travel time spent in this place.
 D = Time resting spent in this place.
 E = Time spent auto-exploring this place.
 F = Levels seen in this place.
 G = Mean time per level.
                   A        B        C        D        E       F      G
               +--------+--------+--------+--------+--------+-----+--------+
         Total |  12674 |  11975 |    699 |   2772 |   6307 |  12 | 1056.2 |
       Dungeon |  12381 |  11682 |    699 |   2547 |   6307 |  11 | 1125.5 |
        Temple |    293 |    293 |      0 |    225 |      0 |   1 |  293.0 |
               +--------+--------+--------+--------+--------+-----+--------+

Top non-repeatable levels by time:
     D:8: 1662 daAuts
    D:10: 1497 daAuts
     D:6: 1393 daAuts
     D:7: 1335 daAuts
     D:5: 1323 daAuts
     D:1: 1223 daAuts
     D:2: 1085 daAuts
     D:9: 996 daAuts
     D:4: 816 daAuts
     D:3: 706 daAuts
    D:11: 339 daAuts
  Temple: 293 daAuts
